 Dungeon Crawl Stone Soup version 0.21-a0-2-ge494091 (webtiles) character file.

461888 Host24 the Sniper (level 25, -2/193 HPs)
             Began as a Kobold Hunter on Apr 13, 2017.
             Was the Champion of Okawaru.
             Killed from afar by an ancient champion (45 damage)
             ... with an iron shot
             ... on level 3 of the Crypt on May 20, 2017.
             The game lasted 05:31:41 (70768 turns).

Host24 the Sniper (Kobold Hunter)                  Turns: 70768, Time: 05:31:42

Health: -2/193     AC: 28    Str: 18    XL:     25   Next: 72%
Magic:  28/28      EV: 35    Int: 13    God:    Okawaru [******]
Gold:   6201       SH:  0    Dex: 37    Spells: 20/24 levels left

rFire    + + .     SeeInvis +   a - +8 triple crossbow of Certain Death {flame, rF- Dex+8}
rCold    + . .     Gourm    .   (shield currently unavailable)
rNeg     . . .     Faith    +   l - +7 fire dragon scales of Agoraphobia {-Cast rPois rF++ rC- MR+++ Dex+2}
rPois    +         Spirit   .   z - +2 hat {SInv}
rElec    .         Reflect  .   K - scarf {rC+ rF+}
rCorr    +         Harm     .   f - +2 pair of gloves {Str+3}
MR       ++++.     NoCast   +   Q - +2 pair of boots {Fly}
Stlth    ++........             W - amulet of faith
Regen    0.5/turn               T - ring of protection from cold
MPRegen  0.3/turn               N - ring of Wamiy {rCorr Dex+6 SInv}

@: drained
A: hooves 1, carnivore 3, low mp 1, robust 1
}: 2/15 runes: decaying, gossamer
a: Heroism, Finesse, Renounce Religion, Evoke Flight


You were on level 3 of the Crypt.
You worshipped Okawaru.
Okawaru was exalted by your worship.
You were not hungry.

You visited 10 branches of the dungeon, and saw 43 of its levels.
You also visited: Sewer, Ice Cave and Wizlab.

You collected 6201 gold pieces.

Inventory:

Hand Weapons
 a - the +8 triple crossbow of Certain Death (weapon) {flame, rF- Dex+8}
   (Okawaru gifted it to you on level 11 of the Dungeon)

   It causes projectiles fired from it to burn those they strike, causing extra
   injury to most foes and up to half again as much damage against particularly
   susceptible opponents.
   It affects your dexterity (+8).
   It makes you vulnerable to fire.
 b - a +2 dagger of venom {Sting}
 j - the +12 falchion "Vor Vauq" {slice, rPois Str+2 Stlth+, unknown}
   (You found it on level 2 of the Crypt)

   It inflicts extra damage upon your enemies.
   It affects your strength (+2).
   It protects you from poison.
   It makes you more stealthy.
Missiles
 d - 1010 bolts (quivered)
 k - 12 stones
 p - 22 sling bullets
Armour
 f - a +2 pair of gloves of strength (worn)
 l - the +7 fire dragon scales of Agoraphobia (worn) {-Cast rPois rF++ rC- MR+++ Dex+2}
   (You found it in a wizard's laboratory)

   It affects your dexterity (+2).
   It greatly protects you from fire.
   It makes you vulnerable to cold.
   It protects you from poison.
   It affects your resistance to hostile enchantments.
   It prevents spellcasting.
 z - a +2 hat of see invisible (worn)
 K - a scarf of resistance (worn)
 Q - a +2 pair of boots of flying (worn)
Jewellery
 m - the ring of Samaf {rElec rC+ rN+ EV+4 Int+3, unknown}
   (You found it on level 2 of the Crypt)

   [ring of evasion]

   It affects your evasion (+4).
   It affects your intelligence (+3).
   It protects you from cold.
   It insulates you from electricity.
   It protects you from negative energy.
 N - the ring of Wamiy (right hand) {rCorr Dex+6 SInv}
   (You took it off a deep elf annihilator on level 3 of the Elven Halls)

   [ring of resist corrosion]

   It affects your dexterity (+6).
   It lets you see invisible.
 T - a ring of protection from cold (left hand)
 W - an amulet of faith (around neck)
Wands
 n - a wand of acid (6/15)
 O - a wand of digging (17/24)
Scrolls
 e - 7 scrolls of teleportation
 o - 2 scrolls of magic mapping
 q - 2 scrolls of identify
 G - 2 scrolls of fog
 H - a scroll of summoning
 J - a scroll of silence
 M - a scroll of remove curse
 R - 3 scrolls of fear
 U - 11 scrolls of immolation
 Y - 4 scrolls of blinking
Potions
 h - 2 potions of invisibility
 i - 4 potions of haste
 u - a potion of mutation
 A - a potion of resistance
 B - 11 potions of curing
 D - 7 potions of heal wounds
 L - 5 potions of might
 S - 7 potions of agility
 X - 3 potions of cancellation
Miscellaneous
 C - 6 phantom mirrors
Comestibles
 c - 21 meat rations
 g - 2 royal jellies


   Skills:
 - Level 23.3(22.3) Fighting
 - Level 26.0(24.9) Crossbows
 + Level 13.8(12.9) Armour
 - Level 22.0(21.0) Dodging
 - Level 3.2(2.5) Stealth
 - Level 11.0(10.2) Invocations


You had 20 spell levels left.
You knew the following spells:

 Your Spells              Type           Power        Failure   Level  Hunger
a - Blink                 Tloc           N/A          80%         2    ###....
b - Summon Butterflies    Summ           #.......     65%         1    ##.....
c - Apportation           Tloc           #.....       65%         1    ##.....


Dungeon Overview and Level Annotations

Branches:
Dungeon (15/15)            Temple (1/1) D:7            Lair (6/6) D:9
  Swamp (4/4) Lair:3       Spider (4/4) Lair:4        Slime (0/5) Lair:6
    Orc (2/2) D:10            Elf (3/3) Orc:2        Vaults (4/5) D:14
  Crypt (3/3) Vaults:2     Depths (1/5) D:15
   Tomb: Crypt:3

Altars:
Ashenzari
Cheibriados
Dithmenos
Elyvilon
Fedhas
Gozag
Hepliaklqana
Kikubaaqudgha
Makhleb
Nemelex Xobeh
Okawaru
Qazlal
Ru
Sif Muna
Trog
Uskayaw
Vehumet
Wu Jian
Xom
Yredelemnul
Zin
The Shining One
Beogh
Jiyva

Shops:
D:9 (   Orc:2 (=(!   Elf:1 ([!([   Elf:2 (   Vaults:4 [

Portals:
Hell: Depths:1

Annotations:
D:10 exclusion: 3 doors, Erolcha
Elf:1 exclusion: door
Crypt:3 Sojobo


Innate Abilities, Weirdness & Mutations

You are small and have problems with some larger weapons.
You are carnivorous and can eat meat at any time.
You have large cloven feet.
Your magical capacity is low. (-10% MP)
You are robust. (+10% HP)


Message History

Press: ? - help, v - describe, . - travel, g - get item
Here: a curse skull 7 bolts.
The floor.
The ancient champion hits you with a battleaxe of draining!
You feel drained.
The ancient champion gestures at you while chanting.
The iron shot hits you!
The curse skull rattles its jaw.
The ancient champion closely misses you.
The curse skull calls on the powers of darkness!
Your body is wracked with pain!
* * * LOW HITPOINT WARNING * * *
Things that are here:
a war axe; a plate armour The ancient champion completely misses you.
You see here a hand axe.
The ancient champion points at you and mumbles some strange words.
The iron shot hits you!
You die...

#.. #z# #..####.#
########.......# .....)
.......z# .....
........#######.# ....
.........z......#
...#############z......#
...#...........#)#####.#
...#..)........#@#
...#<..........#.#
.[['...........#.#
...#...).......#.#
...#####'#######.#
........)).......#
)................####
.[)...................
......................


You could see an ancient champion and a flying skull.

Vanquished Creatures
  Frederick (Crypt:1)
  A profane servitor (Crypt:3)
  Jory (Crypt:3)
  Nikola (Elf:1)
  A bone dragon (Vaults:2)
  A Tzitzimitl (Vaults:2)
  A Hell Sentinel (WizLab)
  3 deep elf blademasters
  4 liches
  A deep elf master archer (Elf:3)
  6 ancient champions
  2 thorn hunters
  4 sphinxes
  Gastronok (Lair:3)
  Roxanne (D:15)
  A storm dragon (Vaults:2)
  Kirke (Spider:3)
  A tengu reaver (Vaults:2)
  Donald (Swamp:1)
  3 fire giants
  A nagaraja (Vaults:2)
  2 revenants (Crypt:2)
  2 orc warlords
  9 deep elf sorcerers (Elf:3)
  A ghost moth (Spider:4)
  A frost giant (Vaults:2)
  Aizul (Lair:3)
  4 emperor scorpions
  3 deep elf elementalists (Elf:3)
  14 vault wardens
  10 ghouls
  2 very ugly things (Vaults:2)
  A reaper (WizLab)
  14 ironheart preservers
  2 war gargoyles
  6 entropy weavers
  5 stone giants
  5 deep elf demonologists
  4 vampire knights
  2 spark wasps (Spider:4)
  2 lorocyprocas (WizLab)
  11 deep elf annihilators (Elf:3)
  3 ettins
  The ghost of Lookapuppie the Carver, a journeyman MiBe of Trog (IceCv)
  9 deep elf death magi
  Josephine (D:15)
  The ghost of YTcomUltraviolent4 the Cleaver, a journeyman FoFi of Okawaru (Lair:1)
  A green death (WizLab)
  2 eidola
  2 quicksilver dragon zombies
  11 ogre magi
  9 yaktaur captains
  4 deep elf high priests (Elf:3)
  2 great orbs of eyes (Vaults:1)
  Harold (D:10)
  2 quicksilver dragon skeletons
  5 fire dragons
  27 hydras
  9 jiangshi
  A ghost crab (Swamp:1)
  5 rakshasas
  20 vault guards
  6 ice dragons
  12 centaur warriors
  3 death knights
  The ghost of Lookapuppie the Basher, a novice MiBe of Trog (D:9)
  10 alligators
  21 two-headed ogres
  8 death scarabs (Spider:4)
  A queen ant (Spider:3)
  A death yak (shapeshifter) (Vaults:1)
  3 tengu warriors (D:14)
  6 orc high priests (Orc:2)
  19 dancing weapons
  A titan zombie (Vaults:4)
  3 deep troll earth magi
  2 soul eaters
  8 vampire magi
  A small abomination (Elf:3)
  Nergalle (Lair:3)
  2 sun demons (WizLab)
  Sonja (D:15)
  A spectral emperor scorpion (Spider:3)
  22 deep elf knights
  A large abomination (Elf:3)
  A titan skeleton (Crypt:1)
  A storm dragon skeleton (Vaults:4)
  A glowing orange brain (Vaults:3)
  2 shadow wraiths (Vaults:2)
  2 spriggan druids (Swamp:3)
  A sea snake (shapeshifter) (Vaults:3)
  An entropy weaver zombie (Crypt:2)
  2 unseen horrors (D:11)
  29 skeletal warriors
  12 deep trolls
  5 flayed ghosts
  18 deep elf archers
  4 wizards
  3 shambling mangroves
  An anaconda skeleton (Crypt:2)
  7 phantasmal warriors
  A wolf spider zombie (Spider:4)
  10 swamp dragons
  13 ironbrand convokers
  34 ugly things
  4 harpies
  4 spectral wolf spiders (Spider:4)
  5 necromancers
  15 orb spiders
  22 orc knights
  27 wolf spiders
  57 deep elf magi
  2 fire giant zombies
  5 orc sorcerers
  2 oklob plants (Lair:5)
  A salamander (Depths:1)
  13 cyclopes
  2 frost giant zombies
  4 manticores
  12 elephants
  2 moths of wrath
  A fire giant skeleton (Vaults:4)
  A stone giant skeleton (Crypt:1)
  A torpor snail (shapeshifter) (Vaults:2)
  A frost giant skeleton (Depths:1)
  A guardian serpent (Vaults:2)
  2 ice statues (IceCv)
  2 smoke demons (WizLab)
  3 torpor snails
  4 black mambas
  24 spiny frogs
  15 vault sentinels
  Psyche (D:10)
  4 gargoyles
  2 rime drakes (shapeshifter)
  A hellion (WizLab)
  16 demonic crawlers
  A shock serpent skeleton (Crypt:2)
  A black draconian zombie (Crypt:1)
  An efreet (D:15)
  10 komodo dragons
  2 redback zombies (Spider:4)
  2 tormentors (WizLab)
  14 freezing wraiths
  2 yaktaurs (shapeshifter)
  33 yaktaurs
  3 human zombies
  5 rime drakes
  6 spectral redbacks
  An anaconda simulacrum (Crypt:1)
  An alligator snapping turtle skeleton (Crypt:1)
  A yaktaur skeleton (Vaults:4)
  4 guardian mummies
  6 trolls
  An ice devil (WizLab)
  A meliai (shapeshifter) (Elf:3)
  10 tyrant leeches
  A blink frog (shapeshifter) (Vaults:4)
  26 jumping spiders
  3 polar bears
  28 hornets
  4 spectral jumping spiders (Spider:4)
  An ice dragon zombie (Crypt:1)
  10 blink frogs
  43 slime creatures
  3 spectral tarantellas
  A tarantella zombie (Spider:4)
  4 dream sheep
  An ettin zombie (Depths:1)
  3 jumping spider zombies (Spider:4)
  11 hippogriffs
  2 spriggan skeletons
  13 bog bodies
  5 shadows
  An ettin skeleton (Crypt:1)
  18 spriggans
  4 air elementals
  44 yaks
  2 water elementals
  A ynoxinul (WizLab)
  56 redbacks
  A tarantella (shapeshifter) (Vaults:3)
  38 tarantellas
  3 vampires
  12 wraiths
  6 wyverns
  7 basilisks
  2 hogs (shapeshifter)
  3 chaos spawn (WizLab)
  A golden eye (shapeshifter) (Vaults:2)
  4 fire elementals
  A basilisk (shapeshifter) (Vaults:4)
  A neqoxec (WizLab)
  2 hungry ghosts
  9 wargs
  17 vampire mosquitoes
  A deep troll zombie (Vaults:4)
  2 soldier ants (shapeshifter)
  20 soldier ants
  15 swamp worms
  3 acid dragons
  11 insubstantial wisps
  An orb spider zombie (Crypt:3)
  Duvessa (D:5)
  A naga (shapeshifter) (Vaults:1)
  A spiny frog zombie (Crypt:1)
  11 water moccasins
  A floating eye (Vaults:2)
  7 porcupines
  A spectral hornet (Spider:4)
  A gelid demonspawn skeleton (Crypt:2)
  65 orc warriors
  5 black bears
  2 sky beasts
  19 swamp drakes
  An eye of draining (D:15)
  16 ice beasts
  2 phantoms (D:6)
  37 ogres
  9 boggarts
  3 necrophages
  28 wolves
  A hog zombie (Crypt:2)
  22 centaurs
  An elephant skeleton (Crypt:2)
  A snapping turtle skeleton (Crypt:2)
  15 crocodiles
  8 big kobolds
  A wyvern zombie (D:15)
  18 bullfrogs
  4 earth elementals
  A glowing shapeshifter simulacrum (Depths:1)
  Dowan (D:5)
  4 scorpions
  13 killer bees
  19 wights
  3 howler monkeys
  An electric eel (Spider:1)
  2 wolf zombies
  2 bullfrog zombies
  8 crimson imps
  5 jellies
  4 bullfrog skeletons
  4 centaur zombies
  38 orc priests
  7 centaur skeletons
  6 hounds
  9 iguanas
  An iron imp (Depths:1)
  30 orc wizards
  A basilisk skeleton (Crypt:1)
  30 worker ants
  2 human skeletons (Crypt:1)
  A deep dwarf skeleton (Crypt:2)
  4 mummies (Crypt:1)
  3 gnolls (D:6)
  13 adders
  11 river rats
  A swamp drake skeleton (Crypt:2)
  5 shadow imps
  12 white imps (Lair:6)
  An ooze (D:1)
  An adder zombie (Crypt:1)
  An adder skeleton (D:4)
  A halfling skeleton (Crypt:1)
  4 worms
  6 leopard geckos
  128 orcs
  8 ball pythons
  11 giant cockroaches
  11 goblins
  8 hobgoblins
  15 jackals
  7 quokkas
  6 bats
  3 frilled lizards
  A jackal skeleton (D:7)
  49 kobolds
  A kobold skeleton (Crypt:2)
  A leopard gecko zombie (D:5)
  An orc zombie (Crypt:1)
  A quokka skeleton (D:7)
  28 rats
  7 crawling corpses (Elf:3)
  A plant (Lair:6)
2166 creatures vanquished.

Vanquished Creatures (others)
  A rakshasa (Vaults:3)
  A deep elf mage (Elf:1)
  2 humans (Spider:4)
  14 fungi
  20 plants
38 creatures vanquished.

Grand Total: 2204 creatures vanquished

Notes
Turn   | Place    | Note
-------+----------+-------------------------------------------
     0 | D:1      | Host24 the Kobold Hunter began the quest for the Orb.
     0 | D:1      | Reached XP level 1. HP: 12/12 MP: 1/1
    47 | D:1      | Reached skill level 5 in Crossbows
    72 | D:1      | Reached XP level 2. HP: 9/17 MP: 2/2
   485 | D:1      | Reached XP level 3. HP: 9/21 MP: 3/3
  1098 | D:2      | Found a snail-covered altar of Cheibriados.
  1676 | D:2      | Found a shimmering altar of Xom.
  1751 | D:2      | Reached XP level 4. HP: 23/26 MP: 4/4
  1845 | D:2      | Found a glowing silver altar of Zin.
  2014 | D:3      | Reached skill level 5 in Dodging
  2144 | D:3      | Found a sparkling altar of Nemelex Xobeh.
  2243 | D:3      | Found a faded altar of an unknown god.
  2257 | D:3      | Reached XP level 5. HP: 17/30 MP: 5/5
  2913 | D:3      | Found a glowing golden altar of the Shining One.
  3271 | D:4      | Found a bloodstained altar of Trog.
  3382 | D:4      | Reached XP level 6. HP: 34/37 MP: 6/6
  3439 | D:4      | Found a glowing drain.
  3482 | Sewer    | Entered a sewer
  3913 | Sewer    | Reached skill level 5 in Fighting
  4732 | D:4      | Found a basalt altar of Yredelemnul.
  4754 | D:4      | Reached XP level 7. HP: 44/44 MP: 7/7
  4759 | D:4      | Found a shattered altar of Ashenzari.
  4759 | D:4      | Found a blossoming altar of Fedhas.
  4764 | D:4      | Found an ornate altar of the Wu Jian Council.
  4766 | D:4      | Found a burning altar of Makhleb.
  4767 | D:4      | Found a stormy altar of Qazlal.
  4949 | D:5      | Entered Level 5 of the Dungeon
  4949 | D:5      | Noticed Duvessa
  4949 | D:5      | Noticed Dowan
  5625 | D:5      | Found a burning altar of Makhleb.
  6011 | D:5      | Reached XP level 8. HP: 21/53 MP: 8/8
  6030 | D:5      | Killed Duvessa
  6030 | D:5      | Reached skill level 6 in Crossbows
  6038 | D:5      | Killed Dowan
  6529 | D:5      | Reached skill level 7 in Crossbows
  6694 | D:6      | Reached skill level 8 in Crossbows
  7136 | D:6      | Reached XP level 9. HP: 59/59 MP: 9/9
  7924 | D:6      | Reached skill level 9 in Crossbows
  8408 | D:6      | Reached skill level 10 in Crossbows
  9049 | D:7      | Found a staircase to the Ecumenical Temple.
  9055 | Temple   | Entered the Ecumenical Temple
  9094 | Temple   | Became a worshipper of Warmaster Okawaru
  9238 | D:7      | Reached skill level 1 in Invocations
  9641 | D:7      | Reached XP level 10. HP: 59/64 MP: 11/13
  9938 | D:7      | Reached skill level 5 in Invocations
 10155 | D:7      | Reached * piety under Okawaru
 11024 | D:8      | Noticed a two-headed ogre
 11639 | D:8      | Noticed a three-headed hydra
 12023 | D:8      | Identified a scroll of acquirement
 12557 | D:8      | Killed a three-headed hydra
 12557 | D:8      | Reached ** piety under Okawaru
 12557 | D:8      | Reached skill level 10 in Fighting
 12930 | D:8      | Reached *** piety under Okawaru
 12930 | D:8      | Reached XP level 11. HP: 52/73 MP: 17/17
 13267 | D:8      | Killed a two-headed ogre
 13642 | D:9      | Noticed an elephant
 13654 | D:9      | Received a gift from Okawaru
 13665 | D:9      | Found a staircase to the Lair.
 14117 | D:9      | Noticed Lookapuppie's ghost (novice MiBe)
 14447 | D:8      | Received a gift from Okawaru
 14538 | D:8      | Killed an elephant
 14538 | D:8      | Reached **** piety under Okawaru
 14702 | D:9      | Found a roughly hewn altar of Beogh.
 15044 | D:9      | Noticed a deep troll earth mage
 15044 | D:9      | Noticed a yaktaur captain
 15283 | D:9      | Killed Lookapuppie's ghost
 15283 | D:9      | Reached skill level 10 in Dodging
 15371 | D:9      | Got a flickering golden ring
 15558 | D:9      | Found a shadowy altar of Dithmenos.
 15659 | D:9      | Found Epnam Saiho's Antique Weapon Shoppe.
 15735 | D:9      | Identified the ring "Anifeix" {rPois rF+ rN+ Str+2 Dex+4} (You found it on level 9 of the Dungeon)
 15749 | D:10     | Entered Level 10 of the Dungeon
 15946 | D:10     | Got a pair of spiked gloves
 15957 | D:10     | Identified the cursed +0 pair of gloves "Geveuss" {Str+3} (You found it on level 10 of the Dungeon)
 15958 | D:10     | Noticed Erolcha
 16141 | D:10     | Noticed Psyche
 16163 | D:10     | Noticed Harold
 16163 | D:10     | Found a staircase to the Orcish Mines.
 16164 | D:10     | Killed Psyche
 16174 | D:10     | Reached XP level 12. HP: 67/82 MP: 18/18
 16238 | D:10     | Killed Harold
 16335 | D:10     | Found an iron altar of Okawaru.
 16709 | D:10     | Found a sacrificial altar of Ru.
 16798 | D:10     | Reached ***** piety under Okawaru
 17041 | D:9      | Killed a yaktaur captain
 17067 | Lair:1   | Entered Level 1 of the Lair of Beasts
 17237 | Lair:1   | Reached skill level 11 in Crossbows
 17675 | Lair:1   | Noticed YTcomUltraviolent4's ghost (journeyman FoFi)
 18014 | Lair:2   | Noticed a seven-headed hydra
 18044 | Lair:1   | HP: 1/82 [YTcomUltraviolent4's ghost (15)]
 18063 | Lair:1   | Reached skill level 12 in Crossbows
 18219 | Lair:2   | Received a gift from Okawaru
 18220 | Lair:2   | Got a dazzling arbalest {god gift}
 18221 | Lair:2   | Identified the +7 arbalest of Patterns {flame, rF- Dex+4 SInv} (Okawaru gifted it to you on level 2 of the Lair of Beasts)
 18474 | Lair:2   | Killed a seven-headed hydra
 18495 | Lair:2   | Reached skill level 13 in Crossbows
 18546 | Lair:2   | Reached XP level 13. HP: 79/87 MP: 19/19
 19042 | Lair:3   | Reached skill level 14 in Crossbows
 19058 | Lair:3   | Found a staircase to the Swamp.
 19150 | Lair:3   | Reached skill level 1 in Armour
 19169 | Lair:3   | Noticed a six-headed hydra
 19556 | Lair:3   | Noticed Nergalle
 19564 | Lair:3   | Killed Nergalle
 19760 | Lair:3   | Received a gift from Okawaru
 20105 | Lair:3   | Noticed Gastronok
 20131 | Lair:3   | Killed Gastronok
 20131 | Lair:3   | Reached ****** piety under Okawaru
 20505 | Lair:3   | Received a gift from Okawaru
 20616 | Lair:3   | Killed a six-headed hydra
 20840 | Lair:4   | Noticed a five-headed hydra
 20848 | Lair:4   | Killed a five-headed hydra
 21078 | Lair:4   | Found a hole to the Spider Nest.
 21453 | Lair:4   | Reached skill level 15 in Fighting
 21508 | Lair:4   | Reached XP level 14. HP: 70/98 MP: 20/20
 21986 | Lair:4   | Received a gift from Okawaru
 23246 | Lair:5   | Reached skill level 15 in Dodging
 23293 | Lair:6   | Entered Level 6 of the Lair of Beasts
 23474 | Lair:6   | Found a frozen archway.
 23560 | Lair:6   | Found a viscous altar of Jiyva.
 23561 | Lair:6   | Found a staircase to the Slime Pits.
 23616 | IceCv    | Entered an ice cave
 24377 | IceCv    | Noticed Lookapuppie's ghost (journeyman MiBe)
 24390 | IceCv    | Received a gift from Okawaru
 24400 | IceCv    | Killed Lookapuppie's ghost
 24817 | Lair:6   | Reached skill level 15 in Crossbows
 25519 | Lair:6   | Reached XP level 15. HP: 103/103 MP: 19/21
 25555 | Lair:6   | Received a gift from Okawaru
 25601 | Lair:6   | Reached skill level 5 in Armour
 25689 | Lair:6   | Received a gift from Okawaru
 26769 | Lair:1   | Killed YTcomUltraviolent4's ghost
 27015 | D:11     | Found a runed door.
 27286 | D:11     | Received a gift from Okawaru
 27317 | D:11     | Got a crude triple crossbow {god gift}
 27318 | D:11     | Identified the +8 triple crossbow of Certain Death {flame, rF- Dex+8} (Okawaru gifted it to you on level 11 of the Dungeon)
 28332 | D:12     | Received a gift from Okawaru
 28332 | D:12     | Reached skill level 16 in Crossbows
 29598 | D:14     | Reached skill level 17 in Crossbows
 30027 | D:14     | Received a gift from Okawaru
 30027 | D:14     | Reached XP level 16. HP: 42/108 MP: 22/22
 30180 | D:14     | Found a gate to the Vaults.
 30379 | D:14     | Received a gift from Okawaru
 30661 | D:14     | Received a gift from Okawaru
 30886 | D:15     | Entered Level 15 of the Dungeon
 31128 | D:15     | Noticed Roxanne
 31154 | D:15     | Killed Roxanne
 31160 | D:15     | Received a gift from Okawaru
 31169 | D:15     | Identified Roxanne's Collected Works on the Rocks (You took it off Roxanne on level 15 of the Dungeon)
 31289 | D:15     | Noticed Sonja
 31413 | D:15     | Found a shattered altar of Ashenzari.
 32061 | Orc:1    | Entered Level 1 of the Orcish Mines
 32168 | Orc:2    | Entered Level 2 of the Orcish Mines
 32810 | Orc:2    | Received a gift from Okawaru
 33564 | Orc:2    | Found a staircase to the Elven Halls.
 34060 | Orc:1    | Received a gift from Okawaru
 36828 | Orc:1    | Reached XP level 17. HP: 119/119 MP: 23/23
 37838 | Orc:2    | Found Dunysh's Distillery.
 37838 | Orc:2    | Found Qicixumn's Antique Weapon Emporium.
 37839 | Orc:2    | Found Liachuosh's Jewellery Shoppe.
 37839 | Orc:2    | Found Nuthe's Weapon Emporium.
 38023 | Spider:1 | Entered Level 1 of the Spider Nest
 38281 | Spider:1 | Got a translucent ring mail
 39025 | Lair:4   | Identified the +3 ring mail of the Black Skies {MR+ Regen+ Str+3} (You found it on level 1 of the Spider Nest)
 39416 | Spider:1 | Reached skill level 18 in Crossbows
 39429 | Spider:1 | Received a gift from Okawaru
 39727 | Spider:1 | Received a gift from Okawaru
 42411 | Spider:3 | Received a gift from Okawaru
 42516 | Spider:3 | Received a gift from Okawaru
 42516 | Spider:3 | Reached XP level 18. HP: 84/128 MP: 18/24
 42817 | Spider:4 | Entered Level 4 of the Spider Nest
 42898 | Spider:4 | Noticed Kirke
 42910 | Spider:3 | Killed Kirke
 43054 | Spider:2 | Received a gift from Okawaru
 43510 | Spider:3 | Received a gift from Okawaru
 44143 | Spider:4 | Received a gift from Okawaru
 44520 | Spider:4 | Reached skill level 10 in Armour
 44977 | Spider:4 | Received a gift from Okawaru
 45169 | Spider:4 | Received a gift from Okawaru
 45212 | Spider:4 | Reached skill level 19 in Crossbows
 45528 | Spider:4 | Received a gift from Okawaru
 45775 | Spider:4 | Got a gossamer rune of Zot
 46036 | Swamp:1  | Entered Level 1 of the Swamp
 46036 | Swamp:1  | Noticed Aizul
 46061 | Lair:3   | Killed Aizul
 46187 | Swamp:1  | Reached skill level 20 in Crossbows
 46472 | Lair:1   | Gained mutation: You have large cloven feet. [potion of mutation]
 46472 | Lair:1   | Gained mutation: Your magical capacity is low. (-10% MP) [potion of mutation]
 46472 | Lair:1   | Gained mutation: You are robust. (+10% HP) [potion of mutation]
 46577 | Swamp:1  | Reached XP level 19. HP: 114/145 MP: 23/23
 46616 | Swamp:1  | Noticed Donald
 46623 | Swamp:1  | Killed Donald
 46623 | Swamp:1  | Received a gift from Okawaru
 46672 | Swamp:1  | Received a gift from Okawaru
 47090 | Swamp:1  | Received a gift from Okawaru
 48175 | Swamp:3  | Reached skill level 21 in Crossbows
 48508 | Swamp:3  | Received a gift from Okawaru
 48875 | Swamp:4  | Entered Level 4 of the Swamp
 49169 | Swamp:4  | Received a gift from Okawaru
 49409 | Swamp:4  | Received a gift from Okawaru
 49460 | Swamp:4  | Received a gift from Okawaru
 49615 | Swamp:4  | Got a decaying rune of Zot
 49631 | Swamp:4  | Received a gift from Okawaru
 50226 | D:15     | Killed Sonja
 50337 | D:15     | Received a gift from Okawaru
 50337 | D:15     | Reached XP level 20. HP: 144/154 MP: 24/24
 50494 | D:15     | Noticed Josephine
 50500 | D:15     | Killed Josephine
 50611 | D:15     | Found a staircase to the Depths.
 50956 | Depths:1 | Entered Level 1 of the Depths
 51180 | Depths:1 | Received a gift from Okawaru
 51755 | Depths:1 | Found a gateway to Hell.
 51777 | Depths:1 | Got a sapphire-encrusted ring mail
 51993 | Depths:1 | Found a hazy altar of Hepliaklqana.
 52078 | Depths:1 | Received a gift from Okawaru
 52555 | Elf:1    | Entered Level 1 of the Elven Halls
 52653 | Elf:1    | Noticed Nikola
 52829 | Elf:1    | Received a gift from Okawaru
 53171 | Vaults:1 | Entered Level 1 of the Vaults
 53514 | Vaults:1 | Identified the +2 ring mail of Qeeghoech {MR- Str+8 Slay-6 SInv} (You found it on level 1 of the Depths)
 53542 | Vaults:1 | Reached XP level 21. HP: 147/162 MP: 24/24
 53871 | Vaults:1 | Found a shimmering altar of Xom.
 53883 | Vaults:1 | Received a gift from Okawaru
 54276 | Vaults:1 | Received a gift from Okawaru
 54310 | Vaults:1 | Reached skill level 10 in Invocations
 54881 | Vaults:2 | Received a gift from Okawaru
 55071 | Vaults:2 | Found a staircase to the Crypt.
 55073 | Vaults:2 | Noticed a bone dragon
 55084 | Vaults:2 | Killed a bone dragon
 55182 | Vaults:2 | Upgraded the game from 0.20-a0-1006-ge6c5631 to 0.21-a0-2-ge494091
 55442 | Vaults:2 | Noticed a lich
 55453 | Vaults:2 | Killed a lich
 55518 | Vaults:2 | Received a gift from Okawaru
 55581 | Vaults:2 | Received a gift from Okawaru
 55678 | Vaults:2 | Received a gift from Okawaru
 55691 | Vaults:2 | Reached XP level 22. HP: 170/171 MP: 27/27
 55694 | Vaults:2 | Received a gift from Okawaru
 55863 | Vaults:2 | Got a flickering tin ring
 55959 | Vaults:2 | Identified the ring of Xom's Absentmindedness {Ice Str+5} (You found it on level 2 of the Vaults)
 56034 | Vaults:2 | Got a fine chain mail
 56045 | Vaults:2 | Identified the cursed +0 chain mail "Ytieguch" {+Blink} (You found it on level 2 of the Vaults)
 56188 | Vaults:2 | Learned a level 2 spell: Blink
 58491 | Vaults:3 | Received a gift from Okawaru
 59342 | Vaults:3 | Reached skill level 22 in Crossbows
 59579 | Vaults:4 | Reached XP level 23. HP: 178/178 MP: 28/28
 59657 | Vaults:4 | Received a gift from Okawaru
 60078 | Vaults:4 | Received a gift from Okawaru
 60229 | Vaults:4 | Reached skill level 23 in Crossbows
 60796 | Vaults:4 | Found Kiuf's Antique Armour Boutique.
 61472 | Elf:1    | Got a smelly plate armour {god gift}
 61483 | Elf:1    | Identified the +6 plate armour "Cokleumi" {rPois} (Okawaru gifted it to you on level 1 of the Elven Halls)
 61672 | Elf:1    | Found Ythran's Distillery.
 61674 | Elf:1    | Found Wycemyxuid's Antique Weapon Shoppe.
 61674 | Elf:1    | Found Xakeokao's Weapon Emporium.
 61682 | Elf:1    | Found Soomi's Armour Emporium.
 61762 | Elf:1    | Reached skill level 24 in Crossbows
 61846 | Elf:1    | Found Engeybu's Antique Armour Emporium.
 61995 | Elf:1    | Killed Nikola
 62211 | Elf:2    | Found Cioruyqa's Antique Weapon Shoppe.
 62320 | Elf:2    | Learned a level 1 spell: Summon Butterflies
 62322 | Elf:2    | Learned a level 1 spell: Apportation
 62340 | Elf:2    | Found a runed gate.
 62341 | Elf:2    | Received a gift from Okawaru
 62415 | Elf:2    | Found a runed gate.
 62421 | Elf:2    | Found a runed gate.
 62783 | Elf:2    | Received a gift from Okawaru
 62808 | Elf:2    | Received a gift from Okawaru
 63260 | Elf:2    | Got an ichor-stained scale mail {god gift}
 63261 | Elf:2    | Identified the +5 scale mail of Hikhoirr {*Drain rN+ MP+9} (Okawaru gifted it to you on level 2 of the Elven Halls)
 63568 | Vaults:2 | Got a scorched triple crossbow {god gift}
 63569 | Vaults:2 | Identified the +6 triple crossbow of Incongruity {elec, -Tele Int+6} (Okawaru gifted it to you on level 2 of the Vaults)
 63920 | Elf:3    | Entered Level 3 of the Elven Halls
 64011 | Elf:3    | Found a magical portal.
 64015 | WizLab   | Entered Doroklohe's Tomb
 64281 | WizLab   | Reached XP level 24. HP: 184/184 MP: 21/28
 64290 | WizLab   | Reached skill level 25 in Crossbows
 64434 | WizLab   | Got ichor-stained fire dragon scales
 64459 | WizLab   | Got a creamy pearl robe
 64466 | WizLab   | Got a jewelled leather armour
 65164 | Elf:3    | Received a gift from Okawaru
 65441 | Elf:3    | Reached skill level 26 in Crossbows
 65605 | Elf:3    | Got a shimmering platinum ring
 65630 | Elf:3    | Received a gift from Okawaru
 65825 | Elf:3    | Got a smoking bronze ring
 66222 | Lair:1   | Identified the +0 robe of Hepa {SInv} (You found it in a wizard's laboratory)
 66238 | Lair:1   | Identified the +1 leather armour of Amorality {Str+6} (You found it in a wizard's laboratory)
 66274 | Lair:1   | Identified the ring of Wamiy {rCorr Dex+6 SInv} (You took it off a deep elf annihilator on level 3 of the Elven Halls)
 66276 | Lair:1   | Identified the cursed ring "Buix" {AC-2 Str+8 Int-3} (You took it off a deep elf master archer on level 3 of the Elven Halls)
 66316 | Lair:1   | Identified the +7 fire dragon scales of Agoraphobia {-Cast rPois rF++ rC- MR+++ Dex+2} (You found it in a wizard's laboratory)
 66702 | Elf:3    | Got an ancient falchion
 67323 | Crypt:1  | Entered Level 1 of the Crypt
 67339 | Crypt:1  | Noticed Frederick
 67370 | Crypt:1  | Killed Frederick
 67895 | Crypt:1  | Reached XP level 25. HP: 193/193 MP: 28/28
 67924 | Crypt:1  | Identified the +7 falchion of Peloabru {slice, rPois Int+5 Dex+4 Stlth+} (You found it on level 3 of the Elven Halls)
 68222 | Crypt:1  | Received a gift from Okawaru
 69422 | Crypt:2  | Received a gift from Okawaru
 69448 | Crypt:2  | Got a jewelled falchion
 69557 | Crypt:2  | Got a scintillating tin ring
 70074 | Crypt:3  | Entered Level 3 of the Crypt
 70078 | Crypt:3  | Noticed Sojobo
 70277 | Crypt:3  | Noticed Jory
 70292 | Crypt:3  | Killed Jory
 70303 | Crypt:3  | Received a gift from Okawaru
 70768 | Crypt:3  | Killed from afar by an ancient champion

Vault maps used:
D:1:      lightli_arrival_quake, minivault_11
D:2:      nicolae_overflow_hidden_temple, cheibriados_altar_1, zin_scriptorium,
          first_bread
D:3:      nicolae_overflow_crystal_walls, tso_altar,
          chequers_ecumenical_altar_simple_redux
D:4:      bloody_trog, yredelemnul_altar_generic,
          chequers_temple_overflow_minitemple, portal_sewer_entry_b,
          serial_glass, glass_columns_c, glass_columns_c
D:5:      wad_woods_stonehenge, kennysheep_another_room, uniq_duvessa
D:7:      minmay_temple_entry_fiery
D:8:      hangedman_ranch
D:9:      nicolae_dithmenos_the_darkroom, david_lair_generic, serial_shops,
          shop, hangedman_decor_push, wad_scary_box
D:10:     erik_orc_3, basic_altar, nicolae_ru_sacrificial_ziggurat, uniq_psyche,
          uniq_erolcha, uniq_harold
D:11:     minmay_st_funbox
D:12:     kennysheep_windowed_goal
D:14:     lightli_vaults_fourway_checkpoint
D:15:     grunt_enter_depths_snipers, ashenzari_altar_1, serial_glass,
          glass_columns_c, glass_columns_a, uniq_josephine, uniq_sonja,
          uniq_roxanne
Temple:   jpeg_temple_island
Lair:1:   lemuel_fruit_tree, lemuel_fruit_fields, grunt_megastairs_5
Lair:3:   minmay_swamp_entry_reptiles, grunt_megastairs_2, uniq_gastronok,
          uniq_nergalle
Lair:4:   nicolae_spider_entry_non_spiders, infiniplex_staircase_pool,
          grunt_megastairs_3
Lair:5:   dpeg_oklob_gauntlet, grunt_megastairs_4
Lair:6:   minmay_lair_end_enchanted_forest, slime_altar_1,
          portal_ice_cave_entry_imps
Swamp:1:  evilmike_swamp_ruin_rubble_1, uniq_donald, uniq_aizul
Swamp:2:  serial_swamp_ruin, evilmike_swamp_ruin_rubble_2,
          evilmike_swamp_ruin_house_5, hangedman_swamp_ruin_wall
Swamp:3:  evilmike_swamp_ruin_house_2
Swamp:4:  swamp_basic_johnstein
Spider:1: hangedman_spider_tarantella_strand
Spider:3: zaba_antful_of_joy, nicolae_spider_cling_ruins
Spider:4: floodkiller_spider_rune_tomb, uniq_kirke
Orc:2:    st_orc_pillars
Elf:1:    eino_elf_arrival_customs, serial_shops, nicolae_shop_stone,
          hangedman_corner_corridor, minmay_shoptagon, uniq_nikola
Elf:2:    serial_shops, nicolae_shop_crystal, spider_trap
Elf:3:    minmay_elf_hall_four_x, mu_enter_wizlab_4
Vaults:1: vaults_room_fancy_cross, ontoclasm_vaults_decontamination,
          vaults_dpeg_cross, st_quartered_hall, nicolae_vaults_little_squares_3,
          vaults_room_fours, ontoclasm_vaults_shuriken,
          nicolae_vaults_little_squares_3, vaults_mumra_hexcomb,
          vaults_standard_mumra_enter_the_diamond, v_misc_16, basic_altar
Vaults:2: minmay_crypt_entry_nasty_monster, hangedman_vaults_nails, v_misc_23,
          v_misc_30, ontoclasm_vaults_idyll, st_greater_box_4, v_misc_24,
          hangedman_vaults_pinch, ontoclasm_vaults_misaligned,
          vaults_room_stairs_pillars, vaults_mumra_minichess,
          nicolae_vaults_circle_grid_b, v_misc_24, ontoclasm_vaults_gateway,
          dpeg_vaults_monster_box
Vaults:3: grunt_vaults_diagonal, nicolae_vaults_know_your_exits,
          stair_cage_open, vaults_room_corners, vaults_mumra_hex,
          vaults_room_large_hall, nicolae_vaults_angled_halls,
          nicolae_vaults_sealed_display
Vaults:4: nicolae_vaults_inception_corners, v_rooms_6, nicolae_vaults_meeting,
          hangedman_vaults_maws, nicolae_vaults_angled_halls, v_misc_1,
          vaults_mumra_lcd, hangedman_vaults_cutoff, hangedman_vaults_capsules,
          serial_shops, nicolae_shop_window_shopping
Crypt:1:  grunt_ministairs_12, minmay_misc_feat_five,
          grunt_crypt_arrival_guarded_gate, uniq_frederick
Crypt:3:  lightli_unholy_cathedral, tomb_entry_simple_bobbens, uniq_jorgrun,
          uniq_mennas, uniq_sojobo, uniq_jory
Depths:1: grunt_hell_entry_dis_mu, kennysheep_small_circle
Sewer:    sewer_minmay_treatment
IceCv:    ice_cave_small_dragons
WizLab:   wizlab_doroklohe

Skill      XL: |  1  2  3  4  5  6  7  8  9 10 11 12 13 14 15 16 17 18 19 20 21 22 23 24 25 |
---------------+----------------------------------------------------------------------------+-----
Crossbows      | 5 8 10 13 14 15 17 18 20 21 22 24 26 | 26.0
Dodging        | 3 4 5 6 8 11 13 16 17 18 19 20 22 | 22.0
Fighting       | 3 5 7 8 10 12 15 18 19 20 21 22 23 | 23.3
Invocations    | 4 8 9 11 | 11.0
Armour         | 3 4 7 8 10 11 13 | 13.8
Stealth        | 3 |  3.2

Action                   |  1- 3 |  4- 6 |  7- 9 | 10-12 | 13-15 | 16-18 | 19-21 | 22-24 | 25-27 || total
-------------------------+-------+-------+-------+-------+-------+-------+-------+-------+-------++-------
Melee: Short sword       |    78 |       |       |       |       |       |       |       |       ||    78
       Dagger            |    41 |   325 |   405 |   769 |  1921 |  2327 |   186 |   132 |       ||  6106
       Lajatang          |       |       |       |     3 |       |       |       |       |       ||     3
       Falchion          |       |       |       |     9 |       |       |       |       |       ||     9
       Punch             |       |       |       |     1 |       |     3 |     2 |       |       ||     6
 Fire: Hand crossbow     |       |     1 |    95 |   202 |       |       |       |       |       ||   298
       Blowgun           |       |       |    39 |    13 |       |       |       |       |       ||    52
       Arbalest          |       |       |       |    67 |   420 |   625 |       |       |       ||  1112
       Triple crossbow   |       |       |       |       |     8 |    23 |  1074 |  1143 |   369 ||  2617
Throw: Tomahawk          |       |       |       |       |       |     1 |       |       |       ||     1
Invok: Heroism           |       |       |       |    15 |    11 |    19 |    11 |    12 |     2 ||    70
       Finesse           |       |       |       |     1 |     2 |    12 |     3 |     6 |     1 ||    25
 Abil: Stop Flying       |       |       |       |       |       |       |       |       |     1 ||     1
  Use: Scroll            |       |     5 |       |    22 |    11 |     3 |     3 |    11 |     4 ||    59
       Potion            |       |       |     3 |     8 |     4 |     8 |     2 |     1 |       ||    26
 Stab: Sleeping          |     3 |     4 |     2 |     3 |     6 |     3 |       |       |       ||    21
       Distracted        |       |       |       |       |     1 |     3 |       |       |       ||     4
  Eat: Chunk             |    10 |    11 |    21 |    29 |    46 |    57 |    30 |    30 |     4 ||   238
       Meat ration       |       |       |       |       |       |       |       |     1 |       ||     1
Armor: Leather armour    |    25 |    61 |    46 |    51 |       |   134 |       |       |       ||   317
       Troll leather arm |       |       |       |    77 |   267 |    19 |       |       |       ||   363
       Swamp dragon scal |       |       |       |       |    20 |       |       |       |       ||    20
       Ice dragon scales |       |       |       |       |     1 |       |       |       |       ||     1
       Ring mail         |       |       |       |       |       |   458 |   119 |    77 |       ||   654
       Fire dragon scale |       |       |       |       |       |       |       |     8 |    64 ||    72
Dodge: Dodged            |   113 |   351 |   382 |  1039 |  2644 |  5245 |  1026 |   960 |   275 || 12035
       Rpst.: Falchion   |       |       |       |     1 |       |       |       |       |       ||     1
